 Dungeon Crawl Stone Soup version 0.31-a0-150-g89dc3ad700 (webtiles) character file.

Game seed: 10844125393132780175

554 qw the Shooter (level 7, -2/43 HPs)
             Began as a Gargoyle Hunter on June 8, 2023.
             Was an Initiate of Okawaru.
             Slain by a gnoll bouda
             ... wielding a +0 club
              (8 damage)
             ... on level 6 of the Dungeon.
             The game lasted 00:01:29 (3136 turns).

qw the Shooter (Gargoyle Hunter)                    Turns: 3136, Time: 00:01:29

Health: -2/43      AC: 16    Str: 15    XL:     7   Next: 30%
Magic:  7/7        EV: 11    Int:  9    God:    Okawaru [......]
Gold:   167        SH:  0    Dex: 15    Spells: 6/6 levels left

rFire   . . .        Y - +0 shortbow
rCold   . . .        (shield currently unavailable)
rNeg    + . .        h - +0 ring mail
rPois   inf          (no helmet)
rElec   +            (no cloak)
rCorr   .            (no gloves)
SInv    .            a - +1 pair of boots
Will    .....        (no amulet)
Stlth   +            l - +4 ring of protection
HPRegen 0.27/turn    (no ring)
MPRegen 0.10/turn

%: no passive effects
@: no status effects
A: sickness immunity, AC +4, negative energy resistance 1, electricity
resistance, torment resistance 1, petrification resistance
a: Renounce Religion


You were on level 6 of the Dungeon.
You worshipped Okawaru.
Okawaru was noncommittal.
You visited 1 branch of the dungeon, and saw 6 of its levels.

You collected 167 gold pieces.


Innate Abilities, Weirdness & Mutations

You are immune to sickness and miasma.
Your stone body is resilient. (AC +4)
You are immune to poison.
You resist negative energy. (rN+)
You are resistant to electric shocks. (rElec)
You are resistant to unholy torment.
You are immune to petrification.


   Skills:
 - Level 4.0 Fighting
 + Level 7.9 Ranged Weapons
 - Level 1.0 Armour
 - Level 1.5 Dodging
 - Level 1.1 Stealth


You had 6 spell levels left.
You didn't know any spells.
Your spell library was empty.

Inventory:

Hand Weapons
 Y - a +0 shortbow (weapon)
Armour
 a - a +1 pair of boots (worn)
 h - a +0 ring mail (worn)
Jewellery
 c - a +5 ring of evasion
 l - a +4 ring of protection (left hand)
Scrolls
 b - a scroll of identify
 d - 3 scrolls of enchant weapon {unknown}
Potions
 e - a potion of enlightenment {unknown}
 f - a potion of lignification {unknown}
 g - 2 potions of curing
 j - a potion of resistance {unknown}
 k - a potion of haste {unknown}

Dungeon Overview and Level Annotations

Branches:
Dungeon (5/15)
 Temple: D:4-7

Altars:
Elyvilon
Okawaru
Uskayaw
The Shining One


Message History

You shoot an arrow.
The arrow hits the gnoll bouda but does no damage.
The gnoll bouda is lightly wounded.
Your attacks no longer feel as feeble.
The gnoll hits you but does no damage. x2
The gnoll bouda hits you but does no damage.
The gnoll hits you with a +0 flail.
You shoot an arrow. The arrow hits the gnoll bouda.
The gnoll bouda is moderately wounded.
The gnoll is no longer moving quickly.
The gnoll hits you but does no damage.
The gnoll bouda hits you with a +0 club.
The gnoll hits you but does no damage.
You shoot an arrow. The arrow hits the gnoll bouda.
The gnoll bouda is heavily wounded.
The gnoll hits you from afar with a +0 spear.
The gnoll bouda closely misses you. The gnoll hits you with a +0 flail!
You shoot an arrow.
The arrow hits the gnoll bouda but does no damage.
The gnoll bouda is heavily wounded.
The gnoll closely misses you.
The gnoll bouda hits you with a +0 club.
The gnoll closely misses you.
You shoot an arrow.
The arrow hits the gnoll bouda but does no damage.
The gnoll bouda is heavily wounded.
The gnoll hits you but does no damage.
The gnoll bouda barks out a call to the hunt!
The gnoll picks up the pace!
The gnoll misses you.
The gnoll hits you from afar with a +0 spear.
You shoot an arrow.
The arrow hits the gnoll bouda but does no damage.
The gnoll bouda is heavily wounded.
The gnoll is no longer moving quickly.
The gnoll bouda completely misses you. The gnoll hits you with a +0 flail.
The gnoll barely misses you.
You shoot an arrow.
The arrow hits the gnoll bouda but does no damage.
The gnoll bouda is heavily wounded.
The gnoll bouda hits you with a +0 club!
You die...

... ..... ###+ ..... .....
^... .....#####'###
........gg...##
......(@g.....#
.....##.......# ###
#.......# #.......#
#.......# #......##########
#......##.......##
#.......)........#
##########......).........#


You could see a gnoll bouda and 2 gnolls.

Vanquished Creatures
  A phantom (D:5)
  Blork the orc (D:6)
  A scorpion (D:3)
  A bullfrog (D:6)
  An orc priest (D:4)
  A hound (D:3)
  Natasha (D:1)
  2 iguanas
  A gnoll (D:6)
  4 adders
  A white imp (D:5)
  An ufetubus (D:5)
  4 dart slugs
  5 orcs
  9 endoplasms
  3 giant cockroaches
  5 goblins (D:1)
  6 hobgoblins
  9 jackals
  7 kobolds
  7 quokkas
  10 ball pythons
  5 bats
  4 frilled lizards
  2 rats (D:3)
92 creatures vanquished.

Notes
Turn   | Place    | Note
-------+----------+-------------------------------------------
     0 | D:1      | qw the Gargoyle Hunter began the quest for the Orb.
     0 | D:1      | Reached XP level 1. HP: 12/12 MP: 1/1
     0 | D:1      | 0 ||| qw: Version: 0.2-a-120-gdf1a93b
     0 | D:1      | 0 ||| qw: Game counter: 2956
     0 | D:1      | 0 ||| qw: Always use a shield: true
     0 | D:1      | 0 ||| qw: God list: Okawaru
     0 | D:1      | 0 ||| qw: Allow faded altars: false
     0 | D:1      | 0 ||| qw: Do Orc after D:15 true
     0 | D:1      | 0 ||| qw: Do second Lair branch before Depths: true
     0 | D:1      | 0 ||| qw: Lair rune preference: random
     0 | D:1      | 0 ||| qw: Plans: Normal
     0 | D:1      | 0 ||| PLANNING D:1-11
    83 | D:1      | Reached XP level 2. HP: 7/17 MP: 2/2
   188 | D:1      | Reached XP level 3. HP: 21/21 MP: 3/3
   211 | D:1      | Found a faded altar of an unknown god.
   242 | D:1      | Reached skill level 5 in Ranged Weapons
   462 | D:1      | 462 ||| UPGRADING to amulet of guardian spirit.
   467 | D:1      | 467 ||| READING scroll labelled CALUNKEOHOF.
   470 | D:1      | 470 ||| READING scroll labelled KEMOCO PUIN.
   471 | D:1      | 471 ||| READING scroll labelled DOZOHU OTESS.
   472 | D:1      | 472 ||| READING scroll labelled JER BAULOUGUOTA.
   473 | D:1      | 473 ||| DROPPING scroll of butterflies.
   514 | D:2      | Noticed Natasha
   518 | D:2      | 518 ||| STAIRDANCE
   623 | D:2      | 623 ||| STAIRDANCE
   629 | D:1      | Killed Natasha
   630 | D:1      | Reached skill level 3 in Fighting
   630 | D:1      | Reached XP level 4. HP: 18/28 MP: 2/4
  1312 | D:2      | 1312 ||| UPGRADING to +1 pair of boots.
  1317 | D:2      | 1317 ||| UPGRADING to +0 ring mail.
  1327 | D:2      | 1327 ||| DROPPING +0 leather armour.
  1328 | D:2      | 1328 ||| UPGRADING to +4 ring of protection.
  1329 | D:2      | 1329 ||| READING scroll labelled LYME DAERUEK.
  1330 | D:2      | 1330 ||| READING scroll labelled RUINIMM VIODOUXE.
  1331 | D:2      | 1331 ||| DRINKING 2 metallic golden potions.
  1389 | D:3      | Reached skill level 1 in Armour
  1414 | D:3      | Identified the +3 hand axe of Xadog {freeze, *Slow rPois
                  | rN+}
  1509 | D:3      | Noticed a scorpion
  1534 | D:3      | Killed a scorpion
  1535 | D:3      | Reached XP level 5. HP: 25/32 MP: 5/5
  1649 | D:3      | Found a glowing golden altar of the Shining One.
  1770 | D:3      | 1770 ||| READING scroll labelled GUNWIS VIMAE.
  1801 | D:4      | Reached skill level 6 in Ranged Weapons
  1804 | D:4      | 1804 ||| STAIRDANCE
  1883 | D:4      | Found a hide-covered altar of Uskayaw.
  2126 | D:4      | 2126 ||| DROPPING +1 sling of freezing.
  2218 | D:4      | Reached XP level 6. HP: 38/38 MP: 6/6
  2276 | D:4      | 2276 ||| FLEEEEING.
  2277 | D:4      | 2277 ||| STAIRDANCE
  2307 | D:3      | 2307 ||| READING scroll labelled KEROPL LOHUEK.
  2308 | D:3      | 2308 ||| DRINKING 2 ruby potions.
  2309 | D:3      | 2309 ||| READING 2 scrolls of identify.
  2309 | D:3      | 2309 ||| IDENTIFYING amethyst potion
  2310 | D:3      | 2310 ||| DROPPING potion of magic.
  2311 | D:3      | 2311 ||| DROPPING potion of brilliance.
  2321 | D:4      | Found an iron altar of Okawaru.
  2322 | D:4      | 2322 ||| PLANNING OKAWARU WORSHIP
  2335 | D:4      | Became a worshipper of Warmaster Okawaru
  2335 | D:4      | 2335 ||| PLANNING D:1-11
  2336 | D:4      | 2336 ||| REMOVING amulet of guardian spirit.
  2512 | D:4      | 2512 ||| DROPPING amulet of guardian spirit.
  2538 | D:5      | Entered Level 5 of the Dungeon
  2649 | D:5      | Reached skill level 7 in Ranged Weapons
  2677 | D:5      | Found a white marble altar of Elyvilon.
  2875 | D:5      | You fall into a shaft and drop 1 floor!
  2882 | D:6      | 2882 ||| Stepping ~*~*~tactically~*~*~ (outnumbered).
  2891 | D:6      | HP: 7/38 [gnoll/+0 spear[a gnoll bouda] (3)]
  2892 | D:6      | 2892 ||| READING scroll of teleportation.
  2893 | D:6      | HP: 1/38 [scorpion (4)]
  3045 | D:6      | Reached XP level 7. HP: 36/43 MP: 7/7
  3078 | D:6      | Noticed Blork the orc
  3090 | D:6      | Killed Blork the orc
  3134 | D:6      | HP: 9/43 [gnoll/+0 spear[a gnoll bouda] (4)]
  3136 | D:6      | Slain by a gnoll bouda

Levels and vault maps discovered:
D:1:      eino_arrival_water_star, layout_rooms, nicolae_ecumenical_lake_church,
          st_stairs_3
D:2:      layout_basic, uniq_natasha
D:3:      layout_rooms, mainiacjoe_overflow_alcove_1, grunt_ministairs_3,
          serial_bayou_pond_e
D:4:      minmay_evil_eye, layout_basic, mainiacjoe_overflow_cross_hatched,
          nicolae_overflow_crystal_walls
D:5:      layout_basic, elyvilon_altar_4, minmay_temple_entry_statues_pillars,
          nicolae_elevator_lobby_plus
D:6:      layout_gridville, uniq_blork_the_orc

Skill      XL: |  1  2  3  4  5  6 |
---------------+-------------------+-----
Ranged Weapons | 5 6 7 |  7.9
Fighting       | 3 4 |  4.0
Armour         | 1 |  1.0
Dodging        | |  1.5
Stealth        | |  1.1

Action                     |  1- 3 |  4- 6 |  7- 9 || total
---------------------------+-------+-------+-------++-------
   Fire: Shortbow          |   103 |   218 |    32 ||   353
    Use: Scroll            |     4 |     6 |       ||    10
         Potion            |       |     2 |       ||     2
 Armour: Leather armour    |    43 |    20 |       ||    63
         Ring mail         |       |    72 |    16 ||    88
  Dodge: Dodged            |    44 |    92 |    16 ||   152

Table legend:
 A = Non-vault XP
 B = Vault XP
 C = Vault XP percentage of total XP
 D = Non-vault monster count
 E = Vault monster count
 F = Vault count percentage of total count
                 A         B        C        D         E       F
            +---------+---------+-------+---------+---------+-------
      Total |     647 |     145 |  18.3 |      83 |       9 |   9.8
            +---------+---------+-------+---------+---------+-------
        D:1 |      54 |      40 |  42.6 |      32 |       3 |   8.6
        D:2 |      32 |       0 |   0.0 |      10 |       0 |   0.0
        D:3 |     157 |       1 |   0.6 |      13 |       1 |   7.1
        D:4 |     123 |       8 |   6.1 |      18 |       3 |  14.3
        D:5 |     179 |       2 |   1.1 |       8 |       1 |  11.1
        D:6 |     102 |      94 |  48.0 |       2 |       1 |  33.3
            +---------+---------+-------+---------+---------+-------
